 Dungeon Crawl Stone Soup version 0.31-a0-236-g9a0961fb85 (webtiles) character file.

Game seed: 11963540360310324018

93 qw the Shooter (level 4, -6/33 (36) HPs)
             Began as a Minotaur Hexslinger on July 10, 2023.
             Mangled by a hell rat (13 damage)
             ... in a sewer.
             The game lasted 00:00:44 (1263 turns).

qw the Shooter (Minotaur Hexslinger)                Turns: 1263, Time: 00:00:44

HP:   -6/33 (36)    AC:  7    Str: 12    XL:     4   Next: 36%
MP:   4/4           EV: 11    Int: 10    God:
Gold: 189           SH:  0    Dex: 15    Spells: 4/5 levels left

rFire   . . .        Y - +1 sling
rCold   . . .        (no shield)
rNeg    . . .        f - +0 ring mail
rPois   .            (helmet restricted)
rElec   .            (no cloak)
rCorr   .            (no gloves)
SInv    .            e - +1 pair of boots
Will    .....        (no amulet)
Stlth   +            (no ring)
HPRegen 0.25/turn    (no ring)
MPRegen 0.09/turn

%: no passive effects
@: drained
A: horns 2, retaliatory headbutt
a: no special abilities


You were in a sewer.
You visited 1 branch of the dungeon, and saw 3 of its levels.
You also visited: Sewer.

You collected 189 gold pieces.


Innate Abilities, Weirdness & Mutations

You have a pair of horns on your head.
You reflexively headbutt those who attack you in melee.


   Skills:
 - Level 2.0 Fighting
 + Level 4.6 Ranged Weapons
 - Level 1.3 Armour
 - Level 2.1 Dodging
 - Level 1.0 Spellcasting
 - Level 2.0 Hexes


You had 4 spell levels left.
You knew the following spells:

 Your Spells              Type           Power      Damage    Failure   Level
a - Slow                  Hex            16%        N/A       32%         1

Your spell library contained the following spells:

 Spells                   Type           Power      Damage    Failure   Level
 Inner Flame              Hex/Fire       2%         N/A       83%         3
 Portal Projectile        Hex/Tloc       4%         N/A       83%         3
 Cause Fear               Hex            2%         N/A       97%         4

Inventory:

Hand Weapons
 Y - a +1 sling (weapon)
Armour
 e - a +1 pair of boots (worn)
 f - a +0 ring mail (worn)
Scrolls
 a - a scroll of identify
Potions
 b - a potion of enlightenment
 d - a potion of mutation
 i - a potion of haste
 j - 4 potions of curing

Dungeon Overview and Level Annotations

Branches:
Dungeon (3/15)              Sewer (1/1)

Altars:
Okawaru


Message History

The sling bullet barely misses the river rat.
The river rat barely misses you. x2
You shoot a sling bullet. The sling bullet hits the river rat.
You kill the river rat!
Your Armour skill increases to level 1!
You start resting.
HP restored.
You enter the shallow water.
Moving in this stuff is going to be slow.
You see here a rat corpse.
You enter the shallow water.
Moving in this stuff is going to be slow.
You open the door.
A hell rat comes into view.
The hell rat roars deafeningly!
Found five items.
Found a gate leading back out of this place.
1257 ||| Stepping ~*~*~tactically~*~*~ (water).
The hell rat bites you but does no damage.
You see here a rat corpse.
You shoot a sling bullet.
The sling bullet hits the hell rat but does no damage.
The hell rat barely misses you. You furiously retaliate!
You headbutt the hell rat! You shoot a sling bullet.
The sling bullet hits the hell rat but does no damage.
The hell rat is heavily wounded.
The hell rat closely misses you. You furiously retaliate!
You headbutt the hell rat. The hell rat bites you!
You shoot a sling bullet. The sling bullet hits the hell rat.
The hell rat is heavily wounded.
The hell rat bites you.
You feel drained.
You shoot a sling bullet.
The sling bullet hits the hell rat but does no damage.
The hell rat is heavily wounded.
The hell rat barely misses you. The hell rat bites you!
You feel drained.
You shoot a sling bullet.
The sling bullet closely misses the hell rat.
The hell rat bites you!
You die...

#########
###.~.~...###
###~.~.@~~.~~~#
#...%.##r##~~~~~
##.~~###.~~# #.~.
#~.~## ~~~~~~ ~~
#~..# ~~~~~~.~ ~
#~~.##~????!.##~.
##.~.###(\!###.~~
#~~.~.#####~~~..
###~~~~.\~~~~~#


You could see a hell rat.

Vanquished Creatures
  Jessica (D:2)
  A river rat (Sewer)
  2 worms
  A dart slug (D:2)
  An orc (D:3)
  2 bats
  5 endoplasms
  3 giant cockroaches
  A goblin (D:2)
  7 hobgoblins
  6 quokkas
  3 ball pythons
  A frilled lizard (D:2)
  2 kobolds
  12 rats
48 creatures vanquished.

Notes
Turn   | Place    | Note
-------+----------+-------------------------------------------
     0 | D:1      | qw the Minotaur Hexslinger began the quest for the Orb.
     0 | D:1      | Reached XP level 1. HP: 16/16 MP: 1/1
     0 | D:1      | 0 ||| qw: Version: 0.3-a-52-g30416fa
     0 | D:1      | 0 ||| qw: Game counter: 4591
     0 | D:1      | 0 ||| qw: Melee chars always use a shield: true
     0 | D:1      | 0 ||| qw: God list: Okawaru
     0 | D:1      | 0 ||| qw: Allow faded altars: false
     0 | D:1      | 0 ||| qw: Do Orc after clearing Dungeon:15 true
     0 | D:1      | 0 ||| qw: Do second Lair branch before Depths: true
     0 | D:1      | 0 ||| qw: Lair rune preference: random
     0 | D:1      | 0 ||| qw: Goals: Normal
     0 | D:1      | 0 ||| PLANNING D:1-11
   173 | D:1      | Reached skill level 3 in Ranged Weapons
   264 | D:1      | Reached XP level 2. HP: 23/23 MP: 2/2
   362 | D:1      | 362 ||| UPGRADING to +1 pair of boots.
   367 | D:1      | 367 ||| READING scroll labelled OHUMICK MUINN.
   371 | D:1      | 371 ||| READING scroll labelled ARENIE GUAT.
   372 | D:1      | 372 ||| READING scroll labelled KELEEM WIUDU.
   373 | D:1      | 373 ||| DRINKING 4 dark potions.
   374 | D:1      | 374 ||| DRINKING 2 ruby potions.
   375 | D:1      | 375 ||| DRINKING 2 bubbling dark potions.
   376 | D:1      | 376 ||| DROPPING scroll of poison.
   377 | D:1      | 377 ||| DROPPING 3 potions of brilliance.
   434 | D:2      | Noticed Jessica
   439 | D:2      | Killed Jessica
   440 | D:2      | Reached skill level 4 in Ranged Weapons
   440 | D:2      | Reached XP level 3. HP: 29/29 MP: 3/3
   873 | D:2      | 873 ||| READING scroll labelled UGGIWI ELID.
   874 | D:2      | 874 ||| READING scroll labelled ITIURE YFOXKA.
   875 | D:2      | 875 ||| READING 3 scrolls of identify.
   875 | D:2      | 875 ||| IDENTIFYING bubbling yellow potion
   876 | D:2      | 876 ||| DROPPING potion of attraction.
   902 | D:3      | 902 ||| PLANNING SEWER
   904 | D:3      | Reached XP level 4. HP: 36/36 MP: 4/4
   914 | D:3      | Found an iron altar of Okawaru.
  1128 | D:3      | Found a glowing drain.
  1129 | D:3      | 1129 ||| UPGRADING to +0 ring mail.
  1139 | D:3      | 1139 ||| DROPPING +0 robe.
  1140 | D:3      | 1140 ||| DROPPING scarf of shadows.
  1141 | D:3      | 1141 ||| READING 3 scrolls of identify.
  1141 | D:3      | 1141 ||| IDENTIFYING emerald potion
  1142 | D:3      | 1142 ||| READING 2 scrolls of identify.
  1142 | D:3      | 1142 ||| IDENTIFYING amethyst potion
  1167 | Sewer    | Entered a sewer
  1182 | Sewer    | 1182 ||| Stepping ~*~*~tactically~*~*~ (water).
  1184 | Sewer    | 1184 ||| Stepping ~*~*~tactically~*~*~ (water).
  1191 | Sewer    | 1191 ||| Stepping ~*~*~tactically~*~*~ (water).
  1204 | Sewer    | Reached skill level 1 in Armour
  1257 | Sewer    | 1257 ||| Stepping ~*~*~tactically~*~*~ (water).
  1262 | Sewer    | HP: 6/33 [hell rat (3)]
  1263 | Sewer    | Mangled by a hell rat

Levels and vault maps discovered:
D:1:      evilmike_arrival_crescent, layout_rooms
D:2:      layout_rooms, uniq_jessica
D:3:      cheibrodos_old_hovel, layout_loops_ring, okawaru_trees_1,
          cheibrodos_sewer_entry_drain, minmay_randomly_rotated_circles
Sewer:    sewer_hellmonk_bad_rat

Skill      XL: |  1  2  3  4 |
---------------+-------------+-----
Ranged Weapons | 3 4 |  4.6
Fighting       | 2 |  2.0
Armour         | 1 |  1.3
Dodging        | |  2.1
Spellcasting   | |  1.0
Hexes          | |  2.0

Action                     |  1- 3 |  4- 6 || total
---------------------------+-------+-------++-------
   Fire: Sling             |   110 |    55 ||   165
    Use: Scroll            |     6 |     2 ||     8
         Potion            |     3 |       ||     3
 Armour: Robe              |     3 |     2 ||     5
         Ring mail         |       |     2 ||     2
  Dodge: Dodged            |    18 |     6 ||    24

Table legend:
 A = Non-vault XP
 B = Vault XP
 C = Vault XP percentage of total XP
 D = Non-vault monster count
 E = Vault monster count
 F = Vault count percentage of total count
                 A         B        C        D         E       F
            +---------+---------+-------+---------+---------+-------
      Total |      68 |      65 |  48.9 |      38 |      10 |  20.8
            +---------+---------+-------+---------+---------+-------
        D:1 |      24 |       0 |   0.0 |      15 |       0 |   0.0
        D:2 |      34 |      37 |  52.1 |      17 |       1 |   5.6
        D:3 |      10 |      11 |  52.4 |       6 |       4 |  40.0
      Sewer |       0 |      17 | 100.0 |       0 |       5 | 100.0
            +---------+---------+-------+---------+---------+-------
